 Dungeon Crawl Stone Soup version 0.17-a0-1923-gc35365e (webtiles) character file.

79 musteatbrain the Sneak (level 4, 0/28 HPs)
             Began as a Kobold Assassin on Sept 28, 2015.
             Was an Initiate of Makhleb.
             Succumbed to an orc wizard's poison
             ... on level 3 of the Dungeon.
             The game lasted 00:06:47 (2321 turns).

musteatbrain the Sneak (Kobold Assassin)            Turns: 2321, Time: 00:06:47

Health: 0/28       AC:  5    Str:  9    XL:     4   Next: 64%
Magic:  4/4        EV: 14    Int:  9    God:    Makhleb [......]
Gold:   94         SH:  0    Dex: 18    Spells: 0 memorised, 3 levels left

rFire  . . .     SeeInvis .     a - +2 dagger
rCold  . . .     Clarity  .     t - +0 leather armour
rNeg   . . .     SustAt   .     (shield restricted)
rPois  .         Gourm    .     (no helmet)
rElec  .         Spirit   .     d - +1 cloak
rCorr  .         Warding  .     (no gloves)
rMut   .         Stasis   .     (no boots)
MR     .....                    (no amulet)
Stlth  +++.......               (no ring)
                                (no ring)

@: lethally poisoned (0 -> -21), very slightly contaminated, hasted, very quick,
not resistant to hostile enchantments, fairly stealthy
A: carnivore 3
a: Renounce Religion


You were on level 3 of the Dungeon.
You worshipped Makhleb.
Makhleb was noncommittal.
You were not hungry.

You visited 1 branch of the dungeon, and saw 3 of its levels.

You collected 94 gold pieces.

Inventory:

Hand weapons
 a - a +2 dagger (weapon)
 b - a +0 blowgun
 n - a +0 club
Missiles
 e - 22 poisoned needles (quivered)
 f - 15 curare-tipped needles
Armour
 d - a +1 cloak (worn)
 t - a +0 leather armour (worn)
Jewellery
 q - an uncursed ring of positive energy {unknown}
Scrolls
 h - a scroll of enchant weapon {unknown}
 p - a scroll of amnesia {unknown}
 r - a scroll of random uselessness {unknown}
Potions
 j - a potion of invisibility {unknown}
 k - a potion of beneficial mutation {unknown}
 m - a potion of flight {unknown}
Comestibles
 g - a meat ration
 o - a slice of pizza
 s - a royal jelly


   Skills:
 + Level 3.2 Fighting
 * Level 4.7 Short Blades
 - Level 2.6 Throwing
 + Level 2.2 Dodging
 - Level 5.3 Stealth


You had 3 spell levels left.
You didn't know any spells.

Dungeon Overview and Level Annotations

Branches:
Dungeon (3/15)

Altars:
Kikubaaqudgha
Makhleb


Innate Abilities, Weirdness & Mutations

You are small and have problems with some larger weapons.
You are carnivorous and can eat meat at any time.


Message History

The puff of flame hits you!
* * * LOW HITPOINT WARNING * * *
The orc hits you but does no damage.
You are too injured to fight recklessly!
You are too injured to fight recklessly!
Drink which item? (? for menu, Esc to quit)
You feel yourself speed up.
* * * LOW HITPOINT WARNING * * *
You feel sick.
The orc wizard hits you with a dagger of venom.
* * * LOW HITPOINT WARNING * * *
You are more poisoned.
The orc hits you.
* * * LOW HITPOINT WARNING * * *
You are very lightly contaminated with residual magic.
You are too injured to fight recklessly!
You are too injured to fight recklessly!
Drink which item? (? for menu, Esc to quit)
It was a potion of magic.
Magic courses through your body.
You die...

###.## #... ...... #..#
#....# #?.# #..... #..#
#.##.# #..# #)##.#
#########.^####$##.###
###...o.................
.....So@......######..##
###.#####....)######....
#.#..#...[.....#
#$#..#.##.......
#.#>.#.##.##...#
.....#.##.##...#
#)........##....
#..###.######..# ... #.#
#..#


You could see an orc wizard, an adder and an orc.

Vanquished Creatures
  An adder (D:2)
  2 oozes
  3 worms (D:2)
  A giant gecko (D:1)
  An orc (D:3)
  4 giant cockroaches
  5 goblins (D:1)
  9 hobgoblins
  9 kobolds
  2 ball pythons (D:2)
  7 bats
  4 giant newts
  5 rats
53 creatures vanquished.

Notes
Turn   | Place    | Note
--------------------------------------------------------------
     0 | D:1      | musteatbrain the Kobold Assassin began the quest for the Orb.
     0 | D:1      | Reached XP level 1. HP: 12/12 MP: 1/1
   200 | D:1      | Reached XP level 2. HP: 18/18 MP: 2/2
   484 | D:1      | Reached XP level 3. HP: 19/22 MP: 3/3
  1201 | D:2      | Reached XP level 4. HP: 10/28 MP: 4/4
  1902 | D:2      | Found a burning altar of Makhleb.
  1902 | D:2      | Found an ancient bone altar of Kikubaaqudgha.
  1910 | D:2      | Became a worshipper of Makhleb the Destroyer
  2320 | D:3      | HP: 1/28 [orc (1)]
  2321 | D:3      | Succumbed to an orc wizard's poison

Vault maps used:
D:1:      dpeg_cavernosity
D:2:      gammafunk_temple_overflow_wave
D:3:      grunt_temple_overflow_diamond, uniq_jessica, uniq_robin

Action                   |  1- 3 |  4- 6 || total
-------------------------+-------+-------++-------
Melee: Dagger            |    82 |    71 ||   153
  Use: Scroll            |       |     4 ||     4
       Potion            |       |     2 ||     2
 Stab: Sleeping          |    15 |     5 ||    20
  Eat: Chunk             |     1 |       ||     1
       Meat ration       |       |     1 ||     1
